 Dungeon Crawl Stone Soup version 0.29-a0-106-g0a07039d5a (webtiles) character file.

Game seed: 13681024325719740768

155 kae the Insei (level 5, -3/41 HPs)
             Began as a Draconian Transmuter on Feb 16, 2022.
             Slain by a hobgoblin (6 damage)
             ... led by Robin
             ... on level 2 of the Dungeon.
             The game lasted 00:01:22 (2335 turns).

kae the Insei (Draconian Transmuter)                Turns: 2335, Time: 00:01:22

Health: -3/41      AC:  2    Str:  9 (12) XL:     5   Next: 14%
Magic:  6/8        EV: 19    Int: 14 (15) God:
Gold:   142        SH:  0    Dex: 14 (17) Spells: 4/8 levels left

rFire   . . .      SeeInvis .     - Unarmed
rCold   . . .      Faith    .   (shield currently unavailable)
rNeg    . . .      Spirit   .   (armour unavailable)
rPois   x          Reflect  .   (helmet currently unavailable)
rElec   .          Harm     .   (cloak currently unavailable)
rCorr   .          Rampage  .   (gloves currently unavailable)
Will    .....                   (boots currently unavailable)
Stlth   ++........              (no amulet)
HPRegen 0.13/turn               (no ring)
MPRegen 0.11/turn               (no ring)

@: spider-form, hasted, very quick
A: venomous fangs, AC +5, tiny, unfitting armour, (cold-blooded)
a: End Transformation


You were on level 2 of the Dungeon.
You were a venomous arachnid creature.
You visited 1 branch of the dungeon, and saw 2 of its levels.

You collected 142 gold pieces.

Inventory:

Jewellery
 d - an amulet of magic regeneration
 g - an amulet of regeneration
Scrolls
 b - a scroll of amnesia {unknown}
Potions
 a - a potion of degeneration
 e - 3 potions of curing
 f - a potion of flight {unknown}


   Skills:
 + Level 1.8 Fighting
 + Level 2.1 Dodging
 * Level 1.3 Stealth
 * Level 3.8 Unarmed Combat
 + Level 2.3 Spellcasting
 * Level 3.2 Transmutations
 * Level 1.3 Poison Magic


You had 4 spell levels left.
You knew the following spells:

 Your Spells              Type           Power      Damage    Failure   Level
a - Beastly Appendage     Tmut           20%        N/A       17%         1
b - Spider Form           Tmut/Pois      8%         N/A       47%         3

Your spell library contained the following spells:

 Spells                   Type           Power      Damage    Failure   Level
 Wereblood                Tmut           10%        N/A       22%         2
 Ice Form                 Ice/Tmut       6%         N/A       89%         4


Dungeon Overview and Level Annotations

Branches:
Dungeon (2/15)

Altars:


Innate Abilities, Weirdness & Mutations

You are a venomous arachnid creature.
You have poisonous fangs.
You are tiny and dextrous.
Your spellcasting is less reliable in this form.
Your armour is entirely melded.
You are incapable of wielding weapons or throwing items.
((Your plain brown scales are hard. (AC +5)))
You cannot fit into any form of body armour.
((You are cold-blooded and may be slowed by cold attacks.))


Message History

The hobgoblin closely misses you. Robin hits you with a +7 vorpal spear.
The goblin barely misses you.
A hobgoblin comes into view.
You hit Robin.
Robin looks as sick as possible!
Robin is heavily wounded.
Robin hits you with a +7 vorpal spear. The goblin misses you.
You barely miss Robin.
Robin is severely wounded.
The hobgoblin hits you but does no damage.
Robin closely misses you. The goblin hits you with a +0 club.
* * * LOW HITPOINT WARNING * * *
You completely miss the hobgoblin. The hobgoblin completely misses you.
A hobgoblin comes into view.
The hobgoblin hits you but does no damage.
You hit the hobgoblin but do no damage.
The hobgoblin is poisoned.
You kill Robin!
The goblin completely misses you. The hobgoblin completely misses you.
The hobgoblin hits you.
* * * LOW HITPOINT WARNING * * *
It was a potion of haste.
You feel yourself speed up.
The hobgoblin no longer looks unusually strong.
The goblin no longer looks unusually strong.
The goblin hits you with a +0 club.
* * * LOW HITPOINT WARNING * * *
The hobgoblin hits you.
* * * LOW HITPOINT WARNING * * *
The hobgoblin misses you. The hobgoblin closely misses you.
It was a potion of degeneration.
There was something very wrong with that liquid.
You feel weakened.
You feel dopey.
You feel clumsy. The goblin closely misses you.
The hobgoblin completely misses you. The hobgoblin closely misses you.
It was a potion of curing.
You feel better.
The hobgoblin no longer looks unusually strong.
The goblin no longer looks unusually strong. x2
The hobgoblin misses you. The hobgoblin barely misses you.
The goblin hits you with a +0 club.
* * * LOW HITPOINT WARNING * * *
The hobgoblin hits you.
You die...

#..†..##...# #..
###..[..##.#.####...
#....)#.##.........
####..#......##.##
#..#####.....# ....
##..### ...... #...#
#...... #..)###
#......# ##..gs#
#..(...# ##.gggg.#
.....gg#.#
...........#
..........###
..........#
######.(..# ######


You could see 4 hobgoblins and 3 goblins.

Vanquished Creatures
  Jessica (D:2)
  Robin (D:2)
  4 gnolls (D:2)
  2 adders (D:2)
  2 dart slugs
  5 endoplasms
  8 giant cockroaches
  12 goblins
  A hobgoblin (D:2)
  A quokka (D:2)
  2 ball pythons
  8 bats
  3 frilled lizards (D:1)
  8 kobolds
  2 rats
60 creatures vanquished.

Notes
Turn   | Place    | Note
-------+----------+-------------------------------------------
     0 | D:1      | kae the Draconian Transmuter began the quest for the Orb.
     0 | D:1      | Reached XP level 1. HP: 16/16 MP: 3/3
    80 | D:1      | Reached XP level 2. HP: 23/23 MP: 5/5
   754 | D:1      | Reached XP level 3. HP: 26/28 MP: 4/6
   979 | D:1      | Found a faded altar of an unknown god.
   991 | D:1      | Learned a level 3 spell: Spider Form
  1600 | D:2      | Reached XP level 4. HP: 16/35 MP: 3/7
  1603 | D:2      | Reached skill level 1 in Poison Magic
  1819 | D:2      | Reached skill level 1 in Stealth
  2090 | D:2      | Noticed Jessica
  2101 | D:2      | Killed Jessica
  2102 | D:2      | Reached XP level 5. HP: 15/41 MP: 8/8
  2316 | D:2      | Noticed Robin
  2332 | D:2      | Killed Robin
  2333 | D:2      | HP: 1/41 [hobgoblin[Robin] (2)]
  2335 | D:2      | Slain by a hobgoblin

Illustrated notes

Levels and vault maps discovered:
D:1:      dpeg_arrival_tiny_i, layout_loops_cross,
          dilly_ecumenical_altar_fadedgnrine, minmay_pentomino_t4
D:2:      layout_rooms, uniq_jessica, uniq_crazy_yiuf_cottage, uniq_robin

Skill      XL: |  1  2  3  4 |
---------------+-------------+-----
Dodging        | 2 |  2.1
Transmutations | 3 |  3.2
Poison Magic   | 1 |  1.3
Stealth        | 1 |  1.3
Fighting       | |  1.8
Unarmed Combat | |  3.8
Spellcasting   | |  2.3

Action                   |  1- 3 |  4- 6 || total
-------------------------+-------+-------++-------
Melee: Unarmed           |    86 |    44 ||   130
       Kick              |    14 |     7 ||    21
       Tailslap          |     7 |     3 ||    10
       Headbutt          |     5 |     6 ||    11
       Punch             |     1 |     1 ||     2
 Cast: Beastly Appendage |    22 |     6 ||    28
       Spider Form       |     2 |     2 ||     4
  Use: Potion            |       |     3 ||     3
 Stab: Sleeping          |     2 |       ||     2
Armor: Skin              |    36 |    13 ||    49
Dodge: Dodged            |    77 |    39 ||   116

Table legend: (Time is in decaauts)
 A = Elapsed time spent in this place.
 B = Non-inter-level travel time spent in this place.
 C = Inter-level travel time spent in this place.
 D = Time resting spent in this place.
 E = Time spent auto-exploring this place.
 F = Levels seen in this place.
 G = Mean time per level.
                   A        B        C        D        E       F      G
               +--------+--------+--------+--------+--------+-----+--------+
         Total |   2340 |   2207 |    133 |    632 |   1223 |   2 | 1170.0 |
       Dungeon |   2340 |   2207 |    133 |    632 |   1223 |   2 | 1170.0 |
               +--------+--------+--------+--------+--------+-----+--------+

Top non-repeatable levels by time:
     D:1: 1439 daAuts
     D:2: 901 daAuts
